A+
CHARLOTTE STONE CRABS @ FLORIDA FIRE FROGS
04/06/2011
 
TOP OF THE 1ST
Charlotte Stone Crabs batting - Pitching for Jupiter Hammerheads : RHP Danny Helton
Pitching: RHP Danny Helton
Batting: RHB Steve Caputo 0-0: Ball
1-0: SINGLE (Line Drive, 89S)
Batting: LHB Luis Arce 0-0: Foul Ball, location: 2F
0-1: Foul Ball, location: 2F
0-2: Ball
1-2: Ball
2-2: Ball
3-2: Strikes out looking
Batting: LHB Dusty Rohach 0-0: Ball
1-0: Foul Ball, location: 2F
1-1: Ball
2-1: Foul Ball, location: 2F
2-2: Ball
3-2: Fly out, F8 (Line Drive, 8RD)
Batting: LHB John Hancock 0-0: Called Strike
0-1: Ball
1-1: Foul Ball, location: 2F
1-2: Ball
2-2: SINGLE (Groundball, 4MD)
Steve Caputo to second
Runner from 2nd tries for 3rd, SAFE, throw by CF made to third
Batting: RHB Juan Asencio 0-0: Ball
1-0: TRIPLE (Flyball, 89XD)
Steve Caputo scores
John Hancock scores
Batting: LHB Ernesto Mendoza 0-0: Ball
1-0: Fly out, F7 (Line Drive, 7D)
Top of the 1st over - 2 runs, 3 hits, 0 errors, 1 left on base; Charlotte 2 - Jupiter 0
BOTTOM OF THE 1ST
Jupiter Hammerheads batting - Pitching for Charlotte Stone Crabs : LHP Corey Mantegna
Pitching: LHP Corey Mantegna
Batting: RHB Jim Murray 0-0: Called Strike
0-1: Called Strike
0-2: Ball
1-2: Strikes out looking
Batting: LHB Justin Floyd 0-0: Ball
1-0: Ball
2-0: Called Strike
2-1: Ball
3-1: Foul Ball, location: 2F
3-2: Foul Ball, location: 2F
3-2: Foul Ball, location: 2F
3-2: Foul Ball, location: 2F
3-2: SINGLE (Groundball, 4MD)
Batting: RHB Jimmy Gulden 0-0: Ball
1-0: Ball
Passed Ball!
Justin Floyd to second
2-0: SINGLE (Line Drive, 78M)
Justin Floyd to third
Batting: RHB Bobby Garcia 0-0: Foul Ball, location: 2F
0-1: Ball
1-1: DOUBLE (Line Drive, 89XD)
Justin Floyd scores
Jimmy Gulden to third
Batting: RHB Andrew Jewell 0-0: Ball
1-0: Called Strike
1-1: Foul Ball, location: 2F
1-2: Foul Ball, location: 2F
1-2: 3-RUN HOME RUN (Flyball, 7LD), Distance : 343 ft
Batting: LHB Mike Stafford 0-0: Called Strike
0-1: Ball
1-1: Ball
2-1: SINGLE (Groundball, 6MD)
Batting: RHB Luis Montoya 0-0: Foul Ball, location: 2F
0-1: Ball
1-1: Ball
2-1: Called Strike
2-2: Fielders Choice at 2nd, 5-4 (Groundball, 56)
Batting: RHB Mike Weikel 0-0: Called Strike
0-1: Called Strike
0-2: Foul Ball, location: 2F
0-2: Ball
1-2: Foul Ball, location: 2F
1-2: Ball
Luis Montoya steals 2nd base (no throw)
2-2: SINGLE (Groundball, 56D)
Luis Montoya to third
Runner from 3rd tries for Home, throw by LF and OUT! 7-2
Bottom of the 1st over - 4 runs, 6 hits, 0 errors, 1 left on base; Charlotte 2 - Jupiter 4
TOP OF THE 2ND
Charlotte Stone Crabs batting - Pitching for Jupiter Hammerheads : RHP Danny Helton
Batting: RHB Juan Ortega 0-0: Ball
1-0: Ground out 4-3 (Groundball, 4)
Batting: RHB Luis Maduro 0-0: Called Strike
0-1: Swinging Strike
0-2: Strikes out swinging
Batting: RHB Jose Ruales 0-0: Foul Ball, location: 2F
0-1: Ball
1-1: Foul Ball, location: 2F
1-2: Ball
2-2: Foul Ball, location: 2F
2-2: Ground out 4-3 (Groundball, 4)
Top of the 2nd over - 0 runs, 0 hits, 0 errors, 0 left on base; Charlotte 2 - Jupiter 4
BOTTOM OF THE 2ND
Jupiter Hammerheads batting - Pitching for Charlotte Stone Crabs : LHP Corey Mantegna
Batting: RHB Chris Fuqua 0-0: Ball
1-0: DOUBLE (Line Drive, 89M)
Batting: RHB Jim Murray 0-0: Ball
1-0: Foul Ball, location: 2F
1-1: Ball
2-1: Ball
3-1: Base on Balls
Batting: LHB Justin Floyd 0-0: Foul Ball, location: 2F
0-1: Ball
1-1: Foul Ball, location: 2F
1-2: Ball
2-2: Ball
3-2: Single, Error in OF, E7, batter to second base (Groundball, 56D)
Chris Fuqua scores
Jim Murray to third
Batting: RHB Jimmy Gulden 0-0: Ball
1-0: Swinging Strike
1-1: Foul Ball, location: 2F
1-2: Ball
2-2: Ball
3-2: Foul Ball, location: 2F
3-2: Fly out, F8 (Flyball, 8LM)
Runner from 3rd tags up, OUT at HOME! 8-2
Justin Floyd to third
Batting: RHB Bobby Garcia 0-0: Fly out, F9 (Flyball, 89M)
Bottom of the 2nd over - 1 run, 2 hits, 1 error, 1 left on base; Charlotte 2 - Jupiter 5
TOP OF THE 3RD
Charlotte Stone Crabs batting - Pitching for Jupiter Hammerheads : RHP Danny Helton
Batting: RHB Steve Caputo 0-0: Foul Ball, location: 2F
0-1: Foul Ball, location: 2F
0-2: Strikes out looking
Batting: LHB Luis Arce 0-0: Fly out, F6 (Popup, 6M)
Batting: LHB Dusty Rohach 0-0: SINGLE (Line Drive, 4MD)
Batting: LHB John Hancock 0-0: Called Strike
0-1: Called Strike
0-2: SINGLE (Line Drive, 6D)
Dusty Rohach to second
Batting: RHB Juan Asencio 0-0: Ground out 1-3 (Groundball, 13)
Top of the 3rd over - 0 runs, 2 hits, 0 errors, 2 left on base; Charlotte 2 - Jupiter 5
BOTTOM OF THE 3RD
Jupiter Hammerheads batting - Pitching for Charlotte Stone Crabs : LHP Corey Mantegna
Batting: RHB Andrew Jewell 0-0: Called Strike
0-1: Fly out, F4 (Popup, 4M)
Batting: LHB Mike Stafford 0-0: Called Strike
0-1: Foul Ball, location: 2F
0-2: Ball
1-2: Foul Ball, location: 2F
1-2: Strikes out looking
Batting: RHB Luis Montoya 0-0: Foul Ball, location: 2F
0-1: Ground out 1-3 (Groundball, P)
Bottom of the 3rd over - 0 runs, 0 hits, 0 errors, 0 left on base; Charlotte 2 - Jupiter 5
TOP OF THE 4TH
Charlotte Stone Crabs batting - Pitching for Jupiter Hammerheads : RHP Danny Helton
Batting: LHB Ernesto Mendoza 0-0: Foul Ball, location: 2F
0-1: Called Strike
0-2: Ball
1-2: Strikes out swinging
Batting: RHB Juan Ortega 0-0: Foul Ball, location: 2F
0-1: Called Strike
0-2: Foul Ball, location: 2F
0-2: Ball
1-2: Ground out 5-3 (Groundball, 5)
Batting: RHB Luis Maduro 0-0: Called Strike
0-1: Ball
1-1: Foul Ball, location: 2F
1-2: Ball
2-2: Foul Ball, location: 2F
2-2: Strikes out swinging
Top of the 4th over - 0 runs, 0 hits, 0 errors, 0 left on base; Charlotte 2 - Jupiter 5
BOTTOM OF THE 4TH
Jupiter Hammerheads batting - Pitching for Charlotte Stone Crabs : LHP Corey Mantegna
Batting: RHB Mike Weikel 0-0: Ball
1-0: Ball
2-0: Foul Ball, location: 2F
2-1: Ball
3-1: Foul Ball, location: 2F
3-2: Strikes out swinging
Batting: RHB Chris Fuqua 0-0: Called Strike
0-1: Fly out, F7 (Flyball, 78D)
Batting: RHB Jim Murray 0-0: Ground out 6-3 (Groundball, 6)
Bottom of the 4th over - 0 runs, 0 hits, 0 errors, 0 left on base; Charlotte 2 - Jupiter 5
TOP OF THE 5TH
Charlotte Stone Crabs batting - Pitching for Jupiter Hammerheads : RHP Danny Helton
Batting: RHB Jose Ruales 0-0: Called Strike
0-1: Foul Ball, location: 2F
0-2: SINGLE (Line Drive, 8RS)
Batting: RHB Steve Caputo 0-0: Ball
1-0: Sac Bunt to 15 - play at second, runner OUT! 1-6
Batting: LHB Luis Arce 0-0: Ball
1-0: Ball
2-0: Called Strike
2-1: Foul Ball, location: 2F
2-2: SINGLE (Groundball, 13) (infield hit)
Steve Caputo to second
Batting: LHB Dusty Rohach 0-0: Swinging Strike
0-1: Foul Ball, location: 2F
0-2: Fielders Choice at 2nd, 4-6 (Groundball, 4)
Steve Caputo to third
Batting: LHB John Hancock 0-0: Ball
1-0: Called Strike
1-1: Ball
2-1: Called Strike
2-2: Ball
Wild Pitch!
Steve Caputo scores
Dusty Rohach to second
3-2: Strikes out swinging
Top of the 5th over - 1 run, 2 hits, 0 errors, 1 left on base; Charlotte 3 - Jupiter 5
BOTTOM OF THE 5TH
Jupiter Hammerheads batting - Pitching for Charlotte Stone Crabs : LHP Corey Mantegna
Batting: LHB Justin Floyd 0-0: SINGLE (Flyball, 6D)
Batting: RHB Jimmy Gulden 0-0: Ball
Passed Ball!
Justin Floyd to second
1-0: Foul Ball, location: 2F
1-1: Ball
2-1: Called Strike
2-2: Foul Ball, location: 2F
2-2: Foul Ball, location: 2F
2-2: Ball
3-2: Fly out, F9 (Flyball, 89S)
Pitching: RHP Arturo Bravo
Batting: RHB Bobby Garcia 0-0: Called Strike
0-1: SINGLE (Groundball, 5D)
Justin Floyd to third
Batting: RHB Andrew Jewell 0-0: Ball
1-0: Foul Ball, location: 2F
1-1: Fly out, F9 (Flyball, 9S)
Batting: LHB Mike Stafford 0-0: Ball
1-0: Ball
2-0: Ball
3-0: Called Strike
3-1: Base on Balls
Bobby Garcia to second
Batting: RHB Luis Montoya 0-0: Called Strike
0-1: Foul Ball, location: 2F
0-2: Strikes out looking
Bottom of the 5th over - 0 runs, 2 hits, 0 errors, 3 left on base; Charlotte 3 - Jupiter 5
TOP OF THE 6TH
Charlotte Stone Crabs batting - Pitching for Jupiter Hammerheads : RHP Danny Helton
Batting: RHB Juan Asencio 0-0: Ball
1-0: Ball
2-0: Ball
3-0: Base on Balls
Batting: LHB Ernesto Mendoza 0-0: Ground out 4-3 (Groundball, 34)
Juan Asencio to second
Batting: RHB Juan Ortega 0-0: Ball
1-0: Ground out U3 (Groundball, 3S)
Juan Asencio to third
Batting: RHB Luis Maduro 0-0: Swinging Strike
0-1: Ball
1-1: Foul Ball, location: 2F
1-2: Ball
2-2: Foul Ball, location: 2F
2-2: Strikes out swinging
Top of the 6th over - 0 runs, 0 hits, 0 errors, 1 left on base; Charlotte 3 - Jupiter 5
BOTTOM OF THE 6TH
Jupiter Hammerheads batting - Pitching for Charlotte Stone Crabs : RHP Arturo Bravo
Batting: RHB Mike Weikel 0-0: Ball
1-0: Called Strike
1-1: Ball
2-1: Fly out, F9 (Line Drive, 9D)
Batting: RHB Chris Fuqua 0-0: Ball
1-0: Swinging Strike
1-1: Foul Ball, location: 2F
1-2: Strikes out swinging
Batting: RHB Jim Murray 0-0: Ball
1-0: Ball
2-0: Foul Ball, location: 2F
2-1: Foul Ball, location: 2F
2-2: Ball
3-2: Foul Ball, location: 2F
3-2: Foul Ball, location: 2F
3-2: Foul Ball, location: 2F
3-2: SOLO HOME RUN (Flyball, 9D), Distance : 359 ft
Batting: LHB Justin Floyd 0-0: Ball
1-0: Called Strike
1-1: Foul Ball, location: 2F
1-2: Ball
2-2: Foul Ball, location: 2F
2-2: Strikes out swinging
Bottom of the 6th over - 1 run, 1 hit, 0 errors, 0 left on base; Charlotte 3 - Jupiter 6
TOP OF THE 7TH
Charlotte Stone Crabs batting - Pitching for Jupiter Hammerheads : RHP Danny Helton
Pitching: LHP Sam O'Hara
Batting: RHB Jose Ruales 0-0: Fly out, F8 (Flyball, 8RD)
Batting: RHB Steve Caputo 0-0: Ball
1-0: Ball
2-0: Foul Ball, location: 2F
2-1: Foul Ball, location: 2F
2-2: Foul Ball, location: 2F
2-2: Ball
3-2: Strikes out looking
Batting: LHB Luis Arce 0-0: Called Strike
0-1: Foul Ball, location: 2F
0-2: Ball
1-2: Strikes out swinging
Top of the 7th over - 0 runs, 0 hits, 0 errors, 0 left on base; Charlotte 3 - Jupiter 6
BOTTOM OF THE 7TH
Jupiter Hammerheads batting - Pitching for Charlotte Stone Crabs : RHP Arturo Bravo
Batting: RHB Jimmy Gulden 0-0: Ball
1-0: Foul Ball, location: 2F
1-1: SOLO HOME RUN (Flyball, 7D), Distance : 382 ft
Batting: RHB Bobby Garcia 0-0: Ball
1-0: SINGLE (Groundball, 6MD)
Batting: RHB Andrew Jewell 0-0: Ball
1-0: Ball
2-0: Ball
Passed Ball!
Bobby Garcia to second
3-0: Base on Balls
Batting: LHB Mike Stafford 0-0: Foul Ball, location: 2F
0-1: Ball
1-1: Ball
Passed Ball!
Bobby Garcia to third
Andrew Jewell to second
2-1: Swinging Strike
2-2: Ball
3-2: Foul Ball, location: 2F
3-2: Strikes out swinging
Batting: RHB Luis Montoya 0-0: Ball
1-0: Called Strike
1-1: Ball
2-1: Called Strike
2-2: Strikes out swinging
Batting: RHB Mike Weikel 0-0: Ball
1-0: Foul Ball, location: 2F
1-1: Fly out, F9 (Flyball, 89M)
Bottom of the 7th over - 1 run, 2 hits, 0 errors, 2 left on base; Charlotte 3 - Jupiter 7
TOP OF THE 8TH
Charlotte Stone Crabs batting - Pitching for Jupiter Hammerheads : LHP Sam O'Hara
Batting: LHB Dusty Rohach 0-0: Called Strike
0-1: Ground out 4-3 (Groundball, 34)
Batting: LHB John Hancock 0-0: Called Strike
0-1: Fly out, F9 (Line Drive, 9)
Batting: RHB Juan Asencio 0-0: Called Strike
0-1: Fly out, F8 (Flyball, 8LM)
Top of the 8th over - 0 runs, 0 hits, 0 errors, 0 left on base; Charlotte 3 - Jupiter 7
BOTTOM OF THE 8TH
Jupiter Hammerheads batting - Pitching for Charlotte Stone Crabs : RHP Arturo Bravo
Batting: RHB Chris Fuqua 0-0: Called Strike
0-1: Ball
1-1: Ball
2-1: SINGLE (Groundball, 34D)
Batting: RHB Jim Murray 0-0: Ball
1-0: Ball
Passed Ball!
Chris Fuqua to second
2-0: SINGLE (Flyball, 7S)
Chris Fuqua to third
Batting: LHB Justin Floyd 0-0: Ball
1-0: Foul Ball, location: 2F
1-1: Foul Ball, location: 2F
1-2: Foul Ball, location: 2F
1-2: Foul Ball, location: 2F
1-2: Ball
2-2: Ball
3-2: SINGLE (Flyball, 78M)
Chris Fuqua scores
Jim Murray to second
Batting: RHB Jimmy Gulden 0-0: Ball
Jim Murray steals 3rd base
1-0: Called Strike
1-1: Fly out, F8 (Flyball, 8RM)
Runner from 3rd tags up, SCORES, throw by CF
Batting: RHB Bobby Garcia 0-0: Swinging Strike
0-1: SINGLE (Flyball, 3D)
Justin Floyd to second
Batting: RHB Andrew Jewell 0-0: Foul Ball, location: 2F
0-1: Reached on error, E3 (Groundball, 34)
Justin Floyd to third
Bobby Garcia to second
Batting: LHB Mike Stafford 0-0: Foul Ball, location: 2F
0-1: Ball
1-1: Ball
2-1: Foul Ball, location: 2F
2-2: Ball
3-2: Strikes out swinging
Batting: RHB Luis Montoya 0-0: Ball
1-0: Ball
2-0: Ball
3-0: Base on Balls
Justin Floyd scores
Bobby Garcia to third
Andrew Jewell to second
Pitching: LHP Jahiem Gaiters
Batting: RHB Mike Weikel 0-0: Ball
1-0: Ball
2-0: Ball
3-0: Base on Balls
Bobby Garcia scores
Andrew Jewell to third
Luis Montoya to second
Batting: RHB Chris Fuqua 0-0: Ball
1-0: Ball
2-0: Ball
3-0: Base on Balls
Andrew Jewell scores
Luis Montoya to third
Mike Weikel to second
Batting: RHB Jim Murray 0-0: Fielders Choice at 2nd, 6-4 (Groundball, 6)
Bottom of the 8th over - 5 runs, 4 hits, 1 error, 3 left on base; Charlotte 3 - Jupiter 12
TOP OF THE 9TH
Charlotte Stone Crabs batting - Pitching for Jupiter Hammerheads : LHP Sam O'Hara
Batting: LHB Ernesto Mendoza 0-0: Ball
1-0: Called Strike
1-1: Ball
2-1: SINGLE (Line Drive, 9LM)
Batting: RHB Juan Ortega 0-0: Ball
1-0: Called Strike
1-1: Ball
2-1: Foul Ball, location: 2F
2-2: Ball
3-2: SINGLE (Line Drive, 78S)
Ernesto Mendoza to second
Batting: RHB Luis Maduro 0-0: Ball
1-0: Swinging Strike
1-1: Ball
2-1: Swinging Strike
2-2: Strikes out swinging
Batting: RHB Jose Ruales 0-0: Called Strike
0-1: Called Strike
0-2: Ball
1-2: SINGLE (Line Drive, 8RM)
Ernesto Mendoza to third
Juan Ortega to second
Pitching: LHP Bill Giles
Batting: RHB Steve Caputo 0-0: Swinging Strike
0-1: Fly out, F9 (Flyball, 89D)
Runner from 3rd tags up, SCORES, no throw by RF
Batting: LHB Luis Arce 0-0: Foul Ball, location: 2F
0-1: Foul Ball, location: 2F
0-2: SINGLE (Groundball, 4MD)
Juan Ortega to third
Jose Ruales to second
Batting: LHB Dusty Rohach 0-0: Called Strike
0-1: Ball
1-1: Foul Ball, location: 2F
1-2: Strikes out swinging
Top of the 9th over - 1 run, 4 hits, 0 errors, 3 left on base; Charlotte 4 - Jupiter 12
Saturday, July 27th, 2019 - OOTP Baseball 20.5 Build 52